 Dungeon Crawl Stone Soup version 0.27.0-1-g7a089689b8 (webtiles) character file.

Game seed: 17540424864230903105

261742 GordonOverkill the Severer (level 19, -6/188 HPs)
             Began as a Deep Dwarf Fighter on Aug 1, 2021.
             Was the Champion of Makhleb.
             Killed by divine providence
             ... invoked by a sphinx
              (10 damage)
             ... while paralysed by Xtahua
             ... on level 5 of the Vaults.
             The game lasted 02:06:04 (12878 turns).

GordonOverkill the Severer (Deep Dwarf Fighter)    Turns: 12878, Time: 02:06:04

Health: -6/188     AC: 32    Str: 37    XL:     19   Next: 20%
Magic:  11/11      EV:  2    Int:  9    God:    Makhleb [******]
Gold:   1279       SH:  0    Dex: 12    Spells: 38/38 levels left

rFire    + + +     SeeInvis +   a - +5 broad axe (vamp)
rCold    + . .     Faith    .   c - +0 kite shield
rNeg     + . .     Spirit   .   y - +11 chain mail of the Armadillo {*Slow rF+ Regen+ Str+5}
rPois    .         Reflect  +   J - +2 helmet {SInv}
rElec    +         Harm     .   i - +0 cloak
rCorr    .         Rampage  .   w - +2 pair of gloves
Will     ++...                  e - +1 pair of boots
Stlth    ..........             K - amulet of reflection
HPRegen  0.00/turn              Z - ring "Utesob" {rElec rF+ rC+ Str+4 Slay+4}
MPRegen  0.12/turn              W - ring "Ociocs" {+Blink rF+ EV+4}

@: paralysed, studying 2 skills
A: damage resistance, heal wounds, negative energy resistance 1, sense
surroundings 3, no regeneration
}: 2/15 runes: barnacled, gossamer
a: Heal Wounds, Renounce Religion, Evoke Blink, Minor Destruction, Lesser
Servant of Makhleb, Major Destruction, Greater Servant of Makhleb


You were on level 5 of the Vaults.
You worshipped Makhleb.
Makhleb was exalted by your worship.
You visited 7 branches of the dungeon, and saw 34 of its levels.
You also visited: Volcano.

You collected 3018 gold pieces.
You spent 1739 gold pieces at shops.

Inventory:

Hand Weapons
 a - a +5 vampiric broad axe (weapon)
 r - a +0 broad axe of freezing
Missiles
 g - 12 silver javelins (quivered)
 t - 8 javelins
 M - 2 curare-tipped darts
Armour
 c - a +0 kite shield (worn)
 e - a +1 pair of boots (worn)
 i - a +0 cloak (worn)
 s - a +1 plate armour of fire resistance
 w - a +2 pair of gloves (worn)
 y - the +11 chain mail of the Armadillo (worn) {*Slow rF+ Regen+ Str+5}
   (You bought it in a shop on level 2 of the Orcish Mines)

   Str:       It affects your strength (+5).
   rF:        It protects you from fire.
   Regen:     It increases your rate of health regeneration.
   *Slow:     It may slow you when you take damage.
 J - a +2 helmet of see invisible (worn)
 Q - a scarf of repulsion
Jewellery
 m - a ring of willpower
 A - a ring of flight
 G - a ring of positive energy
 K - an amulet of reflection (around neck)
 W - the ring "Ociocs" (right hand) {+Blink rF+ EV+4}
   (You bought it in a shop on level 2 of the Shoals)

   [ring of evasion]

   EV:        It affects your evasion (+4).
   rF:        It protects you from fire.
   +Blink:    It lets you blink.
 X - a +6 ring of intelligence
 Y - a ring of protection from cold
 Z - the ring "Utesob" (left hand) {rElec rF+ rC+ Str+4 Slay+4}
   (You found it on level 4 of the Shoals)

   [ring of slaying]

   Str:       It affects your strength (+4).
   Slay:      It affects your accuracy & damage with ranged weapons and melee
   (+4).
   rF:        It protects you from fire.
   rC:        It protects you from cold.
   rElec:     It insulates you from electricity.
Wands
 u - a wand of charming (15)
 z - a wand of acid (7)
 C - a wand of mindburst (14)
 D - a wand of polymorph (33)
 H - a wand of digging (8)
 L - a wand of paralysis (44)
Scrolls
 h - 8 scrolls of teleportation
 j - a scroll of fog
 p - 2 scrolls of magic mapping
 q - a scroll of immolation
 x - 2 scrolls of holy word
 F - 5 scrolls of identify
 N - 2 scrolls of silence
 P - 2 scrolls of vulnerability
 R - a scroll of blinking
Potions
 d - 4 potions of might
 f - 5 potions of curing
 k - a potion of resistance
 l - 3 potions of haste
 n - 3 potions of flight
 o - 2 potions of invisibility
 v - a potion of cancellation
 E - a potion of lignification
 I - 6 potions of mutation
 O - a potion of brilliance
 T - 8 potions of ambrosia
 U - 6 potions of heal wounds
 V - a potion of berserk rage
Miscellaneous
 b - a condenser vane
 B - a tin of tremorstones (2/2)
 S - a box of beasts


   Skills:
 - Level 16.0 Fighting
 - Level 20.0 Axes
 - Level 2.0 Throwing
 + Level 7.6 Armour
 - Level 5.0 Dodging
 - Level 17.0 Shields
 - Level 10.0 Spellcasting
 - Level 14.0 Invocations
 + Level 16.5 Evocations


You had 38 spell levels left.
You didn't know any spells.
Your spell library contained the following spells:

 Spells                   Type           Power      Damage    Failure   Level
 Animate Skeleton         Necr           8%         N/A       43%         1
 Beastly Appendage        Tmut           8%         N/A       43%         1
 Corona                   Hex            4%         N/A       43%         1
 Foxfire                  Conj/Fire      16%        2x1d4     43%         1
 Pain                     Necr           16%        1d4       43%         1
 Blink                    Tloc           N/A        N/A       58%         2
 Corpse Rot               Necr/Air       N/A        N/A       58%         2
 Ensorcelled Hibernation  Hex/Ice        8%         N/A       58%         2
 Passwall                 Tmut/Erth      3%         N/A       58%         2
 Sublimation of Blood     Necr           2%         N/A       58%         2
 Wereblood                Tmut           4%         N/A       58%         2
 Conjure Flame            Conj/Fire      4%         6-21      82%         3
 Inner Flame              Hex/Fire       4%         N/A       82%         3
 Lesser Beckoning         Tloc           2%         N/A       82%         3
 Ozocubu's Armour         Ice            4%         N/A       82%         3
 Spider Form              Tmut/Pois      2%         N/A       82%         3
 Swiftness                Air            4%         N/A       82%         3
 Tukima's Dance           Hex            4%         N/A       82%         3
 Vampiric Draining        Necr           2%         2d6       82%         3
 Dispel Undead            Necr           4%         3d7       99%         4
 Leda's Liquefaction      Hex/Erth       2%         N/A       99%         4
 Petrify                  Tmut/Erth      4%         N/A       99%         4
 Bolt of Magma            Conj/Fire/Erth 2%         4d4       100%        5
 Fireball                 Conj/Fire      2%         3d4       100%        5
 Irradiate                Conj/Tmut      2%         3d14      100%        5
 Manifold Assault         Tloc           4%         N/A       100%        5
 Death Channel            Necr           2%         N/A       100%        6
 Invisibility             Hex            2%         N/A       100%        6
 Starburst                Conj/Fire      2%         8x6d3     100%        6
 Statue Form              Tmut/Erth      2%         N/A       100%        6
 Ozocubu's Refrigeration  Ice            2%         4d5       100%        7
 Ignition                 Fire           2%         3d3       100%        8


Dungeon Overview and Level Annotations

Branches:
Dungeon (15/15)            Temple (1/1) D:7            Lair (3/6) D:11
 Shoals (4/4) Lair:3       Spider (4/4) Lair:2          Orc (2/2) D:10
    Elf (0/3) Orc:2        Vaults (5/5) D:14         Depths (0/5) D:15
Volcano (visited)
  Crypt: Vaults:2-3

Altars:
Cheibriados
Fedhas
Gozag
Hepliaklqana
Makhleb
Okawaru
Sif Muna
Uskayaw
Xom
Yredelemnul

Shops:
D:2 :   D:13 *   Orc:2 [?:!   Shoals:2 =[

Portals:
Pandemonium: Orc:2
Trove: D:11 (show abyssal rune of Zot)

Annotations:
D:3 2 runed translucent doors, suicideKingZ's ghost, amateur DEWz
D:4 1 runed translucent door, dracos369's ghost, weakling VSWz
Spider:2 1 runed translucent door, GordonOverkill's ghost, journeyman DDFi
Vaults:5 Xtahua


Innate Abilities, Weirdness & Mutations

You are resistant to damage.
You can heal yourself by infusing magical energy.
You resist negative energy. (rN+)
You passively map a large area around you.
You do not regenerate.


Message History

The stone giant seems to grow stronger.
Your neqoxec hits the yaktaur captain! Xtahua thunders ferociously at you!
You suddenly lose the ability to move!
The vault warden hits you from afar with a +0 halberd!
The yaktaur captain hits you! The stone giant hits you!!
Your neqoxec hits the yaktaur captain!
The vault sentinel casts a spell at you.
You resist with significant effort.
The vault warden hits you from afar with a +0 halberd!!
Xtahua barely misses you. Xtahua claws you but does no damage.
Xtahua tramples you but does no damage. The stone giant hits you!!!
* * * LOW HITPOINT WARNING * * *
The yaktaur captain hits your neqoxec but does no damage.
Your neqoxec hits the yaktaur captain!
The vault warden hits you but does no damage.
The vault sentinel casts a spell at you.
You resist with significant effort. Xtahua breathes fire at you.
The searing blast hits you! You resist.
* * * LOW HITPOINT WARNING * * *
You are engulfed in blazing flames.
You resist. The stone giant hits you!!!
* * * LOW HITPOINT WARNING * * *
The yaktaur captain hits your neqoxec!!
The ironbound convoker gestures at the ettin while chanting.
The ettin seems to grow stronger.
Your neqoxec hits the yaktaur captain.
The vault sentinel hits you with a +0 falchion.
* * * LOW HITPOINT WARNING * * *
Xtahua bites you but does no damage. Xtahua claws you but does no damage.
Xtahua tramples you!
* * * LOW HITPOINT WARNING * * *
You hold your ground!
The vault warden hits you from afar with a +0 halberd!
* * * LOW HITPOINT WARNING * * *
You are engulfed in blazing flames.
You resist. The stone giant hits you!!
* * * LOW HITPOINT WARNING * * *
The yaktaur captain misses your neqoxec.
The sphinx mumbles some strange words.
Something smites you!
You die...

* * * * * * * , , ,,
, , , ,, * , , ,,,,,
, .... * * * * *
..... ,
############### ....,
,,,
,.....pCH......##....
* ,
......Dcp........# ,
,.....pC@3.)......##
* ,
,.###########......#*
* , , , ,#......#* *
##### .###....# , *
,##...##...#....# * ,
*, ##..)..##..#....#
, *,
#..).)..#..#....# ,
##..:.)##..#....# ,,*
, , ##...#....#....#


You could see Xtahua, a sphinx, a stone giant (strong), a vault warden, a
yaktaur captain (ally target), an ettin (strong), a vault sentinel, an ironbound
convoker (catching breath) and a friendly neqoxec (summoned).

Vanquished Creatures
  A dread lich (Vaults:5)
  A golden dragon (Vaults:5)
  A tentacled monstrosity (Vaults:5)
  2 titans (Vaults:5)
  A sphinx (Vaults:4)
  Frances (Spider:1)
  Polyphemus (Shoals:3)
  2 storm dragons
  A tengu reaver (Vaults:5)
  Roxanne (D:14)
  A nagaraja (Vaults:4)
  3 fire giants
  A deep elf sorcerer (Vaults:4)
  4 ghost moths
  6 vault wardens
  5 emperor scorpions (Spider:4)
  A frost giant (Shoals:4)
  A stone giant (Vaults:5)
  A war gargoyle (Vaults:5)
  4 ironbound preservers
  3 deep elf annihilators (Vaults:5)
  3 entropy weavers
  2 deep elf demonologists (Vaults:4)
  A dire elephant (D:15)
  Josephine (Lair:2)
  A merfolk javelineer (Shoals:4)
  4 ettins
  4 deep elf high priests (Vaults:4)
  10 yaktaur captains
  A great orb of eyes (Vaults:3)
  5 merfolk impalers
  3 hydras
  34 vault guards
  3 ironbound thunderhulks
  3 boulder beetles
  2 merfolk avatars
  A catoblepas (Shoals:3)
  3 ogre magi (Vaults:5)
  3 merfolk aquamancers (Shoals:4)
  2 death knights
  4 two-headed ogres
  A centaur warrior (D:14)
  2 tengu warriors (D:15)
  7 death yaks
  4 orc high priests
  Sonja (Orc:1)
  2 ironbound beastmasters (Vaults:3)
  A sun demon (D:13)
  4 skeletal warriors (D:15)
  A salamander mystic (Volcano)
  A sixfirhy (Orc:2)
  4 sea snakes
  A torturous demonspawn (Orc:2)
  An infernal demonspawn (Orc:2)
  A glowing orange brain (shapeshifter) (D:13)
  15 deep trolls
  2 gelid demonspawn (Orc:2)
  4 wizards
  3 harpies (Shoals:4)
  5 orc knights
  5 ironbound convokers
  29 wolf spiders
  2 lindwurms (Vaults:3)
  7 phantasmal warriors
  3 deep elf pyromancers
  9 orb spiders
  A human zombie (Vaults:3)
  9 orc sorcerers
  2 necromancers
  9 ugly things
  A stone giant zombie (Vaults:3)
  4 salamanders
  5 cyclopes
  A faun (Shoals:1)
  5 manticores
  A salamander (shapeshifter) (D:13)
  5 merfolk sirens
  A moth of wrath (Spider:1)
  A stone giant skeleton (Vaults:3)
  6 elephants (Lair:2)
  An elephant (shapeshifter) (Vaults:4)
  An eye of devastation (Vaults:4)
  5 vault sentinels
  An orange demon (Orc:2)
  2 torpor snails
  2 water nymphs (Shoals:2)
  A cane toad (Lair:2)
  3 komodo dragons
  2 unseen horrors (D:10)
  An elf skeleton (Vaults:3)
  An efreet (D:13)
  8 yaktaurs
  A kobold demonologist (D:10)
  2 ice devils
  2 freezing wraiths (D:14)
  A komodo dragon (shapeshifter) (D:10)
  13 demonic crawlers
  15 merfolk
  6 meliai
  3 trolls
  A queen bee (D:13)
  28 jumping spiders
  6 hornets
  11 slime creatures
  3 wind drakes
  9 blink frogs
  A meliai zombie (D:10)
  7 dream sheep
  4 snapping turtles
  74 redbacks
  36 tarantellas
  7 wraiths
  A ynoxinul (Orc:2)
  A redback (shapeshifter) (Vaults:4)
  21 yaks
  2 vampires
  20 humans (D:14)
  7 wyverns
  5 basilisks
  19 vampire mosquitoes
  Grum (D:11)
  A chaos spawn (Orc:2)
  4 wargs
  An acid dragon (D:9)
  Duvessa (D:5)
  21 water moccasins
  A sky beast (D:5)
  21 orc warriors
  An ettin simulacrum (Vaults:3)
  3 black bears
  A hornet zombie (D:8)
  An ice beast (D:6)
  5 ogres
  9 wolves
  5 boggarts (Vaults:3)
  5 centaurs
  5 necrophages
  2 phantoms (D:10)
  11 bullfrogs
  2 gnoll sergeants
  2 scorpions (D:5)
  Dowan (D:5)
  A troll zombie (D:10)
  28 killer bees
  2 howler monkeys (D:10)
  4 electric eels
  A lava snake (D:14)
  4 crimson imps (D:13)
  A bullfrog zombie (D:6)
  A centaur zombie (D:8)
  3 hounds (D:5)
  2 jellies (D:4)
  23 orc priests
  A centaur skeleton (D:4)
  3 iguanas
  Ijyb (D:5)
  9 orc wizards
  Natasha (D:2)
  2 hell rats (D:11)
  2 killer bee zombies
  7 ogre zombies (D:10)
  A hound zombie (D:5)
  14 gnolls
  A howler monkey zombie (D:8)
  20 adders
  2 river rats (D:11)
  5 white imps
  A worm (D:7)
  2 dart slugs
  52 orcs
  An endoplasm (D:1)
  3 hobgoblins
  3 jackals (D:4)
  4 quokkas
  3 ball pythons
  5 bats
  3 frilled lizards
  A goblin skeleton (D:10)
  5 goblin zombies (D:10)
  2 hobgoblin skeletons (D:10)
  4 hobgoblin zombies (D:10)
  2 kobolds
  3 orc skeletons (D:10)
  10 orc zombies (D:10)
  4 rats
  A bush (D:8)
984 creatures vanquished.

Vanquished Creatures (collateral kills)
  Gastronok (Lair:2)
  A fire giant (Vaults:5)
  A ghost moth (Spider:4)
  2 emperor scorpions
  An entropy weaver (Spider:4)
  A merfolk javelineer (Shoals:3)
  A boulder beetle (Spider:1)
  A hell knight (Volcano)
  An orb spider (Spider:4)
  A cyclops (Shoals:3)
  3 salamanders (Volcano)
  A cane toad (Lair:2)
  A demonic crawler (Spider:3)
  A merfolk (Shoals:3)
  A jumping spider (Spider:4)
  A redback (Spider:4)
  4 yaks (Lair:2)
  A vampire mosquito (Spider:3)
  A warg (Orc:1)
  An orc warrior (Orc:2)
  An orc wizard (Orc:2)
27 creatures vanquished.

Vanquished Creatures (others)
  2 orb spiders (Spider:4)
  2 tarantellas
  An ogre (Orc:1)
  An adder (Lair:1)
  A bush (D:8)
  8 fungi
  66 plants
  2 withered plants (Spider:2)
83 creatures vanquished.

Grand Total: 1094 creatures vanquished

Notes
Turn   | Place    | Note
-------+----------+-------------------------------------------
     0 | D:1      | GordonOverkill the Deep Dwarf Fighter began the quest for
                  | the Orb.
     0 | D:1      | Reached XP level 1. HP: 20/20 MP: 1/1
    62 | D:2      | Found Miomil's Book Shoppe.
   169 | D:2      | Reached XP level 2. HP: 24/27 MP: 2/2
   175 | D:2      | Noticed Natasha
   179 | D:2      | Killed Natasha
   180 | D:2      | Reached skill level 3 in Axes
   180 | D:2      | Reached XP level 3. HP: 27/33 MP: 2/4
   420 | D:3      | Reached skill level 1 in Spellcasting
   437 | D:3      | Reached XP level 4. HP: 29/42 MP: 5/5
   458 | D:3      | Found a large runed translucent door.
   458 | D:3      | Found a large runed translucent door.
   458 | D:3      | Noticed suicideKingZ's ghost (amateur DEWz)
   618 | D:5      | Entered Level 5 of the Dungeon
   642 | D:4      | HP: 2/42 [gnoll (6)]
   732 | D:4      | Reached skill level 4 in Axes
   732 | D:4      | Reached XP level 5. HP: 21/49 MP: 6/6
   850 | D:4      | Reached XP level 6. HP: 35/56 MP: 7/7
   879 | D:4      | Reached skill level 5 in Axes
   961 | D:4      | Found a runed translucent door.
   961 | D:4      | Noticed dracos369's ghost (weakling VSWz)
  1281 | D:5      | Reached XP level 7. HP: 51/64 MP: 9/9
  1305 | D:5      | Found a shimmering altar of Xom.
  1323 | D:5      | Reached skill level 5 in Shields
  1451 | D:5      | Noticed Ijyb
  1469 | D:5      | Killed Ijyb
  1470 | D:5      | Reached skill level 6 in Axes
  1514 | D:5      | Reached skill level 1 in Evocations
  1666 | D:5      | Noticed Duvessa
  1666 | D:5      | Noticed Dowan
  1684 | D:5      | Killed Duvessa
  1685 | D:5      | Reached XP level 8. HP: 62/73 MP: 10/10
  1695 | D:5      | Killed Dowan
  1711 | D:5      | Reached skill level 7 in Axes
  2136 | D:6      | Found a shimmering blue altar of Sif Muna.
  2291 | D:7      | Reached skill level 5 in Fighting
  2291 | D:7      | Reached skill level 1 in Throwing
  2346 | D:10     | Entered Level 10 of the Dungeon
  2426 | D:7      | Found a staircase to the Ecumenical Temple.
  2432 | Temple   | Entered the Ecumenical Temple
  2443 | Temple   | Became a worshipper of Makhleb the Destroyer
  2546 | D:7      | Found a snail-covered altar of Cheibriados.
  2646 | D:8      | Identified a scroll of acquirement
  2646 | D:8      | Acquired the +6 battleaxe of Blood-Lust {freeze, rC+}
  2654 | D:8      | Found a blossoming altar of Fedhas.
  2679 | D:8      | Reached skill level 1 in Invocations
  2695 | D:8      | Reached skill level 8 in Axes
  2702 | D:8      | Gained mutation: You passively map the area around you.
                  | [Deep Dwarf growth]
  2702 | D:8      | Reached XP level 9. HP: 48/81 MP: 10/10
  2794 | D:8      | Reached skill level 5 in Evocations
  2886 | D:8      | Reached skill level 9 in Axes
  2951 | D:8      | Reached * piety under Makhleb
  3041 | D:9      | Noticed a two-headed ogre
  3049 | D:9      | Killed a two-headed ogre
  3050 | D:9      | Reached skill level 10 in Axes
  3050 | D:9      | Reached skill level 5 in Invocations
  3056 | D:9      | Noticed a cyclops
  3074 | D:9      | Killed a cyclops
  3106 | D:9      | Reached XP level 10. HP: 43/92 MP: 11/11
  3226 | D:9      | Found an iron altar of Okawaru.
  3228 | D:9      | Found a basalt altar of Yredelemnul.
  3496 | D:9      | Found an opulent altar of Gozag.
  3497 | D:9      | Found a hazy altar of Hepliaklqana.
  3613 | D:11     | Found a portal to a secret trove of treasure.
  3613 | D:11     | Noticed Grum
  3624 | D:11     | Reached skill level 11 in Axes
  3624 | D:11     | Killed Grum
  3654 | D:11     | Noticed a death yak
  3656 | D:11     | Noticed a death yak
  3657 | D:11     | Noticed a death yak
  3658 | D:11     | Found a staircase to the Lair.
  3669 | D:11     | Killed a death yak
  3672 | D:11     | Killed a death yak
  3673 | D:11     | Reached skill level 12 in Axes
  3678 | D:11     | Killed a death yak
  3747 | D:10     | Noticed a two-headed ogre
  3772 | D:10     | Noticed a fire giant
  3786 | D:10     | Killed a fire giant
  3787 | D:10     | Reached skill level 13 in Axes
  3787 | D:10     | Reached XP level 11. HP: 61/104 MP: 9/9
  3793 | D:10     | Noticed a sixfirhy
  3815 | D:10     | Reached ** piety under Makhleb
  3829 | D:10     | Noticed a two-headed ogre
  3839 | D:10     | Killed a two-headed ogre
  3919 | D:10     | Noticed a sixfirhy
  3920 | D:10     | Killed a two-headed ogre
  3935 | D:10     | Reached skill level 14 in Axes
  3937 | D:10     | Paralysed by a hornet for 3 turns
  4042 | D:10     | Noticed a deep elf pyromancer
  4044 | D:10     | Killed a deep elf pyromancer
  4283 | D:10     | Found a staircase to the Orcish Mines.
  4355 | D:10     | Reached *** piety under Makhleb
  4376 | Orc:1    | Entered Level 1 of the Orcish Mines
  4503 | Orc:1    | Noticed Sonja
  4507 | Orc:1    | Killed Sonja
  4554 | Orc:1    | Noticed an orc high priest
  4563 | Orc:1    | Reached skill level 15 in Axes
  4568 | Orc:1    | Reached XP level 12. HP: 76/116 MP: 7/7
  4568 | Orc:1    | Killed an orc high priest
  4571 | Orc:1    | Reached skill level 10 in Fighting
  4634 | Orc:2    | Entered Level 2 of the Orcish Mines
  4755 | Orc:2    | Reached **** piety under Makhleb
  4954 | Orc:2    | Found a staircase to the Elven Halls.
  5073 | Orc:2    | Found Foser's Distillery.
  5131 | Orc:2    | Found Xuuson's Distillery.
  5145 | Orc:2    | Found Naicaes's Magic Scroll Shop.
  5201 | Orc:2    | Reached skill level 16 in Axes
  5237 | Orc:2    | Reached ***** piety under Makhleb
  5309 | Orc:2    | Reached skill level 10 in Invocations
  5351 | Orc:2    | Noticed an orc high priest
  5357 | Orc:2    | Killed an orc high priest
  5378 | Orc:2    | Noticed an orc high priest
  5386 | Orc:2    | Killed an orc high priest
  5393 | Orc:2    | Reached XP level 13. HP: 100/121 MP: 9/9
  5441 | Orc:2    | Found Momoic Myiwn's Antique Armour Emporium.
  5441 | Orc:2    | Found Cawir's Book Shoppe.
  5441 | Orc:2    | Found a one-way gate leading to the halls of Pandemonium.
  5450 | Orc:2    | Bought a distressingly furry chain mail for 228 gold pieces
  5450 | Orc:2    | Identified the +11 chain mail of the Armadillo {*Slow rF+
                  | Regen+ Str+5} (You bought it in a shop on level 2 of the
                  | Orcish Mines)
  5461 | Orc:2    | Bought a pair of runed gloves for 180 gold pieces
  5493 | Orc:2    | Bought a scroll of enchant armour for 112 gold pieces
  5493 | Orc:2    | Bought a scroll of fear for 52 gold pieces
  5493 | Orc:2    | Bought a scroll of fog for 30 gold pieces
  5493 | Orc:2    | Bought a scroll of teleportation for 45 gold pieces
  5493 | Orc:2    | Bought a scroll of teleportation for 45 gold pieces
  5493 | Orc:2    | Bought 2 scrolls of identify for 60 gold pieces
  5493 | Orc:2    | Bought a scroll of identify for 30 gold pieces
  5513 | Orc:2    | Bought a potion of might for 72 gold pieces
  5513 | Orc:2    | Bought a potion of invisibility for 144 gold pieces
  5630 | Lair:1   | Entered Level 1 of the Lair of Beasts
  5705 | Lair:1   | Reached skill level 5 in Armour
  5999 | Lair:2   | Reached skill level 17 in Axes
  6028 | Lair:2   | Noticed Gastronok
  6041 | Lair:2   | Killed Gastronok
  6105 | Lair:2   | Found a hole to the Spider Nest.
  6275 | Lair:2   | Reached ****** piety under Makhleb
  6375 | Lair:2   | Found a dark tunnel.
  6383 | Volcano  | Entered a volcano
  6402 | Volcano  | Found a burning altar of Makhleb.
  6587 | Spider:1 | Entered Level 1 of the Spider Nest
  6651 | Spider:1 | Gained mutation: You resist negative energy. (rN+) [Deep
                  | Dwarf growth]
  6651 | Spider:1 | Reached XP level 14. HP: 115/135 MP: 9/9
  6667 | Spider:1 | Noticed Frances
  6689 | Spider:1 | Killed Frances
  6695 | Spider:1 | Reached skill level 18 in Axes
  6720 | Spider:1 | Noticed Josephine
  6828 | Lair:2   | Killed a ghost moth
  6854 | Lair:2   | Killed Josephine
  7074 | Spider:2 | Reached skill level 10 in Shields
  7195 | Spider:2 | Reached skill level 5 in Spellcasting
  7211 | Spider:2 | Found a runed translucent door.
  7211 | Spider:2 | Noticed GordonOverkill's ghost (journeyman DDFi)
  7335 | Spider:2 | Reached XP level 15. HP: 105/144 MP: 10/10
  7582 | Spider:4 | Entered Level 4 of the Spider Nest
  7593 | Spider:4 | Reached skill level 1 in Dodging
  7599 | Spider:4 | Reached skill level 10 in Evocations
  7627 | Spider:4 | Acquired a manual of Shields
  7652 | Spider:3 | Reached skill level 19 in Axes
  8234 | Spider:4 | Noticed a ghost moth
  8250 | Spider:4 | Killed a ghost moth
  8261 | Spider:4 | Noticed a ghost moth
  8275 | Spider:4 | Killed a ghost moth
  8278 | Spider:4 | Noticed a ghost moth
  8282 | Spider:4 | Noticed a ghost moth
  8288 | Spider:4 | Killed a ghost moth
  8293 | Spider:4 | Killed a ghost moth
  8320 | Spider:4 | Got a gossamer rune of Zot
  8676 | Lair:3   | Reached XP level 16. HP: 149/153 MP: 12/12
  8692 | Lair:3   | Found a staircase to the Shoals.
  8709 | Shoals:1 | Entered Level 1 of the Shoals
  8800 | Shoals:2 | Found Qeigyo's Armour Shop.
  8891 | Shoals:2 | Found Punuarae's Jewellery Shop.
  8933 | Shoals:3 | Noticed Polyphemus
  9216 | Shoals:3 | Reached skill level 5 in Dodging
  9239 | Shoals:3 | Killed Polyphemus
  9276 | Shoals:4 | Entered Level 4 of the Shoals
  9326 | Shoals:4 | Identified the ring "Utesob" {rElec rF+ rC+ Str+4 Slay+4}
  9405 | Shoals:4 | Reached skill level 20 in Axes
  9440 | Shoals:4 | Got a barnacled rune of Zot
  9532 | Shoals:2 | Bought the ring "Ociocs" {+Blink rF+ EV+4} for 741 gold
                  | pieces
  9854 | D:12     | You fall into a shaft and drop 3 floors!
  9854 | D:15     | Entered Level 15 of the Dungeon
  9951 | D:15     | Found a staircase to the Depths.
 10000 | D:15     | Identified the +6 trident "Astrextio" {flame, *Rage Str-4
                  | Int+7}
 10164 | D:13     | Reached XP level 17. HP: 164/164 MP: 9/9
 10231 | D:13     | Found Pore Vih's Elemental Accessories.
 10577 | D:13     | Acquired a manual of Evocations
 10780 | D:14     | You fall into a shaft and drop 1 floor!
 10950 | D:14     | Noticed Roxanne
 10971 | D:14     | Killed Roxanne
 11161 | D:14     | Found a hide-covered altar of Uskayaw.
 11267 | D:14     | Found a gate to the Vaults.
 11288 | Vaults:1 | Entered Level 1 of the Vaults
 11493 | Vaults:2 | Reached skill level 15 in Shields
 12012 | Vaults:4 | Reached skill level 15 in Evocations
 12012 | Vaults:4 | Gained mutation: You passively map a large area around you.
                  | [Deep Dwarf growth]
 12012 | Vaults:4 | Reached XP level 18. HP: 175/175 MP: 9/9
 12237 | Vaults:4 | Noticed a Brimstone Fiend
 12251 | Vaults:4 | Found the +2 robe of Vines {NoPotionHeal Regen+++}
 12356 | Vaults:5 | Entered Level 5 of the Vaults
 12396 | Vaults:5 | Reached skill level 15 in Fighting
 12473 | Vaults:5 | Identified the +12 dagger of Fury {antimagic, Will+}
 12649 | Vaults:5 | Noticed a golden dragon
 12663 | Vaults:5 | Killed a golden dragon
 12685 | Vaults:5 | Reached XP level 19. HP: 156/188 MP: 10/10
 12756 | Vaults:5 | Reached skill level 10 in Spellcasting
 12812 | Vaults:5 | Noticed a dread lich
 12835 | Vaults:5 | Paralysed by a dread lich for 3 turns
 12846 | Vaults:5 | Killed a dread lich
 12870 | Vaults:5 | Noticed Xtahua
 12874 | Vaults:5 | Paralysed by Xtahua for 6 turns
 12878 | Vaults:5 | HP: 4/188 [stone giant (19)]
 12878 | Vaults:5 | Killed from afar by a sphinx

Illustrated notes

Levels and vault maps discovered:
D:1:      nicolae_arrival_memento_mori, layout_loops_ring, serial_shops, shop,
          hellmonk_ecumenical_altar_lost_god, corexii_leaking_fountain
D:2:      layout_loops_corners, serial_shops, shop, serial_forest,
          infiniplex_forest_straight_3, infiniplex_forest_end_2,
          infiniplex_forest_pool, infiniplex_forest_end_2,
          infiniplex_forest_zigzag_2, infiniplex_forest_clump_double,
          infiniplex_forest_lined_corner, infiniplex_forest_clump_medium,
          minmay_bisected, uniq_terence, uniq_natasha
D:3:      cheibrodos_old_hovel, layout_basic, ebering_ghost_disaster_area
D:4:      layout_loops_cross, gammafunk_ghost_grave,
          chequers_serial_rivers_micro_c, chequers_serial_rivers_micro_c
D:5:      layout_basic, amcnicky_altar_gilded, cheibrodos_gnoll_hut,
          uniq_duvessa, uniq_ijyb
D:6:      layout_cave_pods, lemuel_round_altar
D:7:      layout_rooms, chei_slow_surprise, minmay_temple_entry_fiery
D:8:      layout_rooms, fedhas_altar_decomposition,
          kennysheep_decorative_pillar, minmay_misc_feat_alley, nicolae_wwwww,
          chequers_arboretum
D:9:      layout_roguey, nicolae_overflow_hidden_temple,
          kennysheep_generic_room_5
D:10:     wad_statue_garden, layout_basic, nicolae_wu_jian_immortal_techniques,
          zombieorc2_lemuel
D:11:     layout_roguey, dpeg_lair_monsters, enter_trove_1, uniq_grum
D:12:     evilmike_diamond_1, layout_cave_pools
D:13:     layout_roguey [special_room_bee], nicolae_elemental_shop,
          minmay_fire_ice_demons
D:14:     layout_stronghold, grunt_vaults_entry_tiered,
          nicolae_uskayaw_suspiria, minivault_22,
          chequers_serial_rivers_micro_a, uniq_roxanne
D:15:     hangedman_depths_entry_try_elsewhere_first, layout_gridville,
          minmay_misc_feat_rows
Temple:   nicolae_temple_figure_eight
Lair:1:   lemuel_reptile_caves, layout_chaotic_city
Lair:2:   layout_cave_pods, spider_nest_entry_a, nicolae_volcano_entry_hallway,
          fungi_pond_lemuel, beast_lair_carwin_5, uniq_gastronok
Lair:3:   layout_loops_ring, elwin_shoals_entry_rocks
Shoals:1: layout_shoals, st_shoals_ruin
Shoals:2: layout_shoals, serial_shops, shop,
          nicolae_shop_temple_entry_statues_fountains
Shoals:3: layout_shoals, uniq_polyphemus
Shoals:4: shoals_end_grunt_ice, layout_shoals, nicolae_shoals_lost_giant_hut
Spider:1: layout_spider_delve, beargit_elvish_explorers, uniq_josephine,
          uniq_frances
Spider:2: layout_spider_delve, gammafunk_ghost_grave
Spider:3: layout_spider_delve, einodemon_crawler_minivault
Spider:4: grunt_spider_rune_circles
Orc:1:    layout_caves, uniq_sonja
Orc:2:    pf_orc_diabolical, layout_caves, serial_shops, shop
Vaults:1: nicolae_vaults_hallways_thing, hangedman_vaults_slither,
          v_alt_pattern_6, v_pattern_3, nicolae_vaults_little_squares_3,
          nicolae_vaults_ninety_degrees, v_misc_26, hangedman_vaults_nails,
          vaults_room_pool, layout_vaults_big_cross, serial_shops,
          nicolae_shop_trees
Vaults:2: hangedman_vaults_cutoff, blue_anna_dwarven_crypt,
          ontoclasm_vaults_chip, nicolae_vaults_network_quinsquares
          [nicolae_vaults_network_quincunx_subvault,
          nicolae_vaults_network_quincunx_subvault,
          nicolae_vaults_network_quincunx_subvault,
          nicolae_vaults_network_quincunx_subvault], v_misc_12,
          nicolae_vaults_little_squares_6, vaults_room_fours, v_misc_11,
          v_misc_24, ontoclasm_vaults_loading_screen, layout_vaults_big_room
Vaults:3: hangedman_vaults_maws, grunt_vaults_twisty, v_misc_16,
          hangedman_vaults_stretched_pinwheel, vaults_room_corners,
          nicolae_vaults_asterisk, vaults_room_door_ring,
          grunt_vaults_hallway_long, vaults_room_ringed_pool,
          layout_vaults_omnigrid
Vaults:4: st_greater_box_2, nicolae_vaults_big_ls, v_rooms_3, vaults_room_fours,
          ontoclasm_vaults_chip, v_misc_2, nicolae_vaults_circle_grid_b,
          v_misc_28, nicolae_vaults_diagonal_hallway_8, vaults_room_grid,
          grunt_vaults_hallway_short, nicolae_vaults_little_squares_4,
          layout_vaults_maze_bifur
Vaults:5: uniq_jory, uniq_xtahua

Skill      XL: |  1  2  3  4  5  6  7  8  9 10 11 12 13 14 15 16 17 18 19 |
---------------+----------------------------------------------------------+-----
Axes           | 3 4 5 6 8 10 13 15 16 17 18 19 20 | 20.0
Fighting       | 3 4 5 6 8 9 10 11 12 13 14 15 16 | 16.0
Spellcasting   | 1 2 3 5 6 7 9 10 | 10.0
Shields        | 4 5 6 8 10 11 13 17 | 17.0
Evocations     | 2 4 5 7 9 10 15 16 | 16.5
Throwing       | 2 |  2.0
Invocations    | 2 5 10 11 13 14 | 14.0
Armour         | 4 5 6 7 |  7.6
Dodging        | 4 5 |  5.0

Action                   |  1- 3 |  4- 6 |  7- 9 | 10-12 | 13-15 | 16-18 | 19-21 || total
-------------------------+-------+-------+-------+-------+-------+-------+-------++-------
Melee: War axe           |    89 |   131 |   125 |       |       |   224 |    48 ||   617
       Hand axe          |       |       |    44 |       |       |       |       ||    44
       Battleaxe         |       |       |    91 |   313 |       |       |       ||   404
       Broad axe         |       |       |       |    97 |   815 |   919 |    28 ||  1859
Throw: Dart              |       |       |       |     3 |       |       |       ||     3
       Throwing net      |       |       |       |       |       |       |     1 ||     1
Invok: Lesser Servant of |       |       |       |       |    23 |     3 |     2 ||    28
 Abil: Heal Wounds       |     3 |     7 |    10 |    35 |    23 |    28 |       ||   106
Evoke: Wand              |       |       |     1 |    15 |    27 |     6 |       ||    49
       Tin of tremorston |       |       |       |       |     7 |     5 |       ||    12
       Box of beasts     |       |       |       |       |     2 |     1 |       ||     3
  Use: Scroll            |       |       |    11 |     9 |    10 |    12 |     3 ||    45
       Potion            |       |       |     1 |     3 |     4 |       |       ||     8
 Stab: Distracted        |       |       |       |       |     9 |     1 |     1 ||    11
       Paralysed         |       |       |       |       |    11 |       |       ||    11
       Invisible         |       |       |       |       |     1 |       |       ||     1
       Held in net/web   |       |       |       |       |       |       |     1 ||     1
Armor: Scale mail        |    36 |     4 |       |       |       |       |       ||    40
       Ring mail         |       |    50 |   151 |   163 |     1 |       |       ||   365
       Chain mail        |       |       |       |       |   717 |   416 |    37 ||  1170
Dodge: Dodged            |    31 |    60 |   142 |   183 |   300 |   395 |    15 ||  1126
Block: Kite shield       |    45 |    76 |   111 |    49 |  1010 |   968 |    41 ||  2300
       Other             |       |       |       |    52 |       |       |       ||    52
       Reflection        |       |       |       |     2 |       |    33 |       ||    35
